 Dungeon Sprint DCSS version 0.30.0-19-g36f170ea60 (webtiles) character file.

Game seed: 14212328569292457624

3600000 Groucho the Intangible (level 20, -6/137 HPs)
             Began as a Spriggan Warper on May 26, 2023.
             Was the Champion of Makhleb.
             Mangled by The Servant
             ... wielding a +9 glaive of flaming
              (113 damage)
             ... in the Dungeon (Sprint VIII: "Arena of Blood").
             The game lasted 00:02:22 (36 turns).

Groucho the Intangible (Spriggan Warper)              Turns: 36, Time: 00:02:23

Health: -6/137     AC:  4    Str:  9    XL:     20   Next: 70%
Magic:  22/52      EV: 41    Int: 17    God:    Makhleb [******]
Gold:   0          SH:  0    Dex: 19    Spells: 73/73 levels left

rFire   . . .        j - +∞ Axe of Woe
rCold   . . .        (shield currently unavailable)
rNeg    . . .        b - +0 robe
rPois   .            (helmet restricted)
rElec   .            (no cloak)
rCorr   .            (gloves unavailable)
SInv    +            (boots unavailable)
Will    +++..        (no amulet)
Stlth   ++++++++++   (no ring)
HPRegen 0.42/turn    (no ring)
MPRegen 0.33/turn

%: no teleportation
@: very quick
A: very small, no large weapons, unfitting armour, see invisible, speed 3
a: Renounce Religion, Minor Destruction, Lesser Servant of Makhleb, Major
Destruction, Greater Servant of Makhleb


You were in the Dungeon.
You worshipped Makhleb.
Makhleb was exalted by your worship.
You visited 1 branch

Inventory:

Hand Weapons
 a - a +0 hand axe
 j - the +∞ Axe of Woe (weapon)
   (You found it in the Dungeon)
Missiles
 d - 7 boomerangs of dispersal (quivered)
Armour
 b - a +0 robe (worn)
Scrolls
 c - 2 scrolls of blinking
Potions
 e - a potion of curing
 f - a potion of heal wounds
 g - a potion of haste
 h - 2 potions of magic
 i - a potion of berserk rage


   Skills:
 O Level 27 Fighting
 O Level 27 Axes
 + Level 6.1(17.6) Maces & Flails
 O Level 27 Throwing
 O Level 27 Armour
 O Level 27 Dodging
 O Level 27 Stealth
 O Level 27 Spellcasting
 O Level 27 Translocations
 O Level 27 Invocations


You had 73 spell levels left.
You didn't know any spells.
Your spell library contained the following spells:

 Spells                   Type           Power      Damage    Failure   Level
 Blink                    Tloc           100%       N/A       0%          2
 Lesser Beckoning         Tloc           100%       N/A       0%          2
 Teleport Other           Tloc           86%        N/A       0%          3
 Manifold Assault         Tloc           86%        N/A       0%          4
 Vhi's Electric Charge    Tloc/Air       100%       N/A       1%          3


Dungeon Overview and Level Annotations

Branches:
Dungeon (1/1)

Altars:
Makhleb

Annotations:
D The Servant


Innate Abilities, Weirdness & Mutations

You are very small and have problems with some larger weapons.
You are too small for most types of armour.
You have supernaturally acute eyesight. (SInv)
You cover ground extremely quickly. (Speed+++)


Message History

You kill the bag of meat!
Makhleb accepts your kill.
You feel better.
You hit the meat berserker.
You fatally mangle the meat berserker.
You kill the meat berserker!
Makhleb accepts your kill.
You feel better.
You are engulfed in blazing flames.
You hear a shout! x3
A meat berserker comes into view. It is wielding a +9 battleaxe.
You hear a shout! x2
The destroyer gestures at you while chanting.
The destroyer blinks!
The Servant comes into view.
He is wielding a +9 glaive of flaming.
You hear a shout!
Your Throwing skill gained 7 levels and is now at level 23!
Unknown command.
Unknown command.
You slice the destroyer!!
You dissect the destroyer like a pig carcass.
You destroy the destroyer!
Makhleb accepts your kill.
You feel better.
The destroyer appears out of thin air!
A destroyer comes into view. It is wielding a +9 heavy great sword.
You are engulfed in blazing flames.
You hear a shout!
The meat berserker rages.
You hear a shout! x3
The bag of meat is engulfed in blazing flames.
A meat berserker comes into view. It is wielding a +9 battleaxe.
You hear a shout! x3
You have mastered Throwing!
You need to enable at least one skill for training.
Your base Maces & Flails skill gained 6 levels and is now at level 6!
A meat berserker and a destroyer come into view.
The destroyer is wielding a +9 heavy great sword.
You are engulfed in blazing flames.
You hear a shout! x4
The Servant hits you with a +9 glaive of flaming!!!!
Ouch! That really hurt!
You die...

#...O..........
...#..........#.#o
..o#..............
#...#V.............
O....#.............
.......)§§§........
......ooo°§§..V....
#..z.o§)§#.).....#
..#..§@§#.......#
#.....@###O......###.
...........)###......
..V.#........_......
V.#.O.....#Ooo..#.. .
.....o..#_.<._#
#.......#.....#
..#........_......
........###......


You could see The Servant, 3 destroyers, a sculptor of flesh, 2 meat berserkers
and 5 bags of meat.

Vanquished Creatures
  3 vampire knights (D)
  8 ogres (D)
  3 two-headed ogres (D)
  27 orcs (D)
41 creatures vanquished.

Notes
Turn   | Place    | Note
-------+----------+-------------------------------------------
     0 | D        | Found the +∞ Axe of Woe
     0 | D        | Groucho the Spriggan Warper began the quest for the Orb.
     0 | D        | Reached XP level 1. HP: 10/10 MP: 5/5
     0 | D        | Noticed a meat berserker
     4 | D        | Became a worshipper of Makhleb the Destroyer
     4 | D        | Noticed a bag of meat
     4 | D        | Noticed a bag of meat
     6 | D        | Noticed a bag of meat
     7 | D        | Killed a meat berserker
     7 | D        | Noticed a meat berserker
     8 | D        | Reached XP level 2. HP: 14/14 MP: 6/6
     8 | D        | Reached XP level 3. HP: 18/18 MP: 8/8
     8 | D        | Reached XP level 4. HP: 22/22 MP: 9/9
     8 | D        | Reached XP level 5. HP: 25/25 MP: 10/10
     8 | D        | Reached XP level 6. HP: 30/30 MP: 11/11
     8 | D        | Reached XP level 7. HP: 33/33 MP: 12/12
     8 | D        | Reached XP level 8. HP: 37/37 MP: 13/13
     8 | D        | Reached XP level 9. HP: 41/41 MP: 14/14
     8 | D        | Reached XP level 10. HP: 46/46 MP: 15/15
     8 | D        | Reached XP level 11. HP: 49/49 MP: 16/16
     8 | D        | Killed a bag of meat
     8 | D        | Reached * piety under Makhleb
     8 | D        | Noticed a bag of meat
     9 | D        | Reached skill level 27 in Dodging
     9 | D        | Reached XP level 12. HP: 53/53 MP: 17/17
     9 | D        | Noticed a meat berserker
    10 | D        | Noticed a bag of meat
    10 | D        | Noticed a bag of meat
    10 | D        | Noticed a meat berserker
    10 | D        | Noticed a bag of meat
    11 | D        | Noticed a bag of meat
    11 | D        | Noticed a meat berserker
    11 | D        | Noticed a bag of meat
    12 | D        | Noticed a bag of meat
    12 | D        | Noticed a bag of meat
    13 | D        | Killed a meat berserker
    13 | D        | Noticed a bag of meat
    13 | D        | Noticed a meat berserker
    14 | D        | Reached XP level 13. HP: 57/57 MP: 18/18
    14 | D        | Noticed a bag of meat
    14 | D        | Noticed a bag of meat
    15 | D        | Noticed a bag of meat
    15 | D        | Killed a bag of meat
    15 | D        | Killed a meat berserker
    15 | D        | Reached ** piety under Makhleb
    15 | D        | Noticed a meat berserker
    15 | D        | Noticed a bag of meat
    15 | D        | Noticed a bag of meat
    16 | D        | Reached XP level 14. HP: 61/61 MP: 19/19
    16 | D        | Noticed a bag of meat
    16 | D        | Noticed a bag of meat
    17 | D        | Killed a bag of meat
    18 | D        | Reached skill level 27 in Stealth
    18 | D        | Killed a meat berserker
    18 | D        | Noticed a bag of meat
    19 | D        | Reached skill level 27 in Axes
    19 | D        | Reached XP level 15. HP: 74/74 MP: 19/26
    19 | D        | Killed a meat berserker
    19 | D        | Reached *** piety under Makhleb
    19 | D        | Noticed a large bag of meat
    19 | D        | Noticed a destroyer
    20 | D        | Noticed a large bag of meat
    20 | D        | Noticed a destroyer
    21 | D        | Killed a meat berserker
    21 | D        | Reached **** piety under Makhleb
    22 | D        | Reached XP level 16. HP: 97/97 MP: 19/37
    22 | D        | Killed a meat berserker
    23 | D        | Reached ***** piety under Makhleb
    25 | D        | Reached skill level 15 in Armour
    25 | D        | Reached XP level 17. HP: 114/114 MP: 20/45
    25 | D        | Noticed a large bag of meat
    26 | D        | Noticed a destroyer
    27 | D        | Killed a destroyer
    27 | D        | Reached ****** piety under Makhleb
    27 | D        | Noticed a meat berserker
    28 | D        | Reached skill level 27 in Fighting
    28 | D        | Reached skill level 27 in Spellcasting
    28 | D        | Reached XP level 18. HP: 127/127 MP: 20/50
    28 | D        | Killed a destroyer
    28 | D        | Killed a large bag of meat
    29 | D        | Reached skill level 27 in Armour
    29 | D        | Killed a large bag of meat
    30 | D        | Reached XP level 19. HP: 83/132 MP: 21/51
    31 | D        | Reached skill level 27 in Invocations
    31 | D        | Reached skill level 15 in Translocations
    32 | D        | Reached skill level 27 in Translocations
    32 | D        | Reached XP level 20. HP: 123/137 MP: 21/52
    33 | D        | Killed a large bag of meat
    33 | D        | Noticed a destroyer
    33 | D        | Noticed a destroyer
    34 | D        | Killed a meat berserker
    34 | D        | Noticed a meat berserker
    34 | D        | Noticed The Servant
    35 | D        | Killed a destroyer
    35 | D        | Noticed a meat berserker
    36 | D        | Reached skill level 27 in Throwing
    36 | D        | Noticed a destroyer
    36 | D        | Noticed a meat berserker
    36 | D        | Noticed a destroyer
    36 | D        | Mangled by The Servant

Illustrated notes

Levels and vault maps discovered:
D:        meatsprint

Skill      XL: |  1  2  3  4  5  6  7  8  9 10 11 12 13 14 15 16 17 18 19 20 |
---------------+-------------------------------------------------------------+-----
Axes           | 17 20 22 24 27 | 27.0
Dodging        | 26 27 | 27.0
Stealth        | 18 26 27 | 27.0
Fighting       | 6 16 23 27 | 27.0
Armour         | 3 11 15 21 27 | 27.0
Spellcasting   | 7 16 23 27 | 27.0
Invocations    | 23 27 | 27.0
Translocations | 27 | 27.0
Throwing       | 6 27 | 27.0
Maces & Flails | 6 |  6.1

Action                     |  1- 3 |  4- 6 |  7- 9 | 10-12 | 13-15 | 16-18 | 19-21 || total
---------------------------+-------+-------+-------+-------+-------+-------+-------++-------
  Melee: Broad axe         |     1 |       |       |     2 |     6 |     8 |     5 ||    22
